 Dungeon Crawl Stone Soup version 0.31-a0-765-g67fe2935dc (webtiles) character file.

Game seed: 1335039310967650392

10318 Newt the Cleaver (level 11, -1/79 HPs)
             Began as a Demonspawn Gladiator on Sept 15, 2023.
             Was an Initiate of Hepliaklqana.
             Slain by a shadow (22 damage)
             ... on level 11 of the Dungeon.
             The game lasted 00:13:13 (11825 turns).

Newt the Cleaver (Demonspawn Gladiator)            Turns: 11825, Time: 00:13:15

Health: -1/79      AC: 25    Str: 16    XL:     11   Next: 34%
Magic:  11/11      EV: 17    Int: 11    God:    Hepliaklqana [......]
Gold:   442        SH:  0    Dex: 16    Spells: 10/10 levels left

rFire   . . .        L - +7 war axe
rCold   + . .        (no shield)
rNeg    . . .        g - +7 Kryia's mail coat {PotionHeal*2 rC+}
rPois   .            c - +0 helmet
rElec   .            (no cloak)
rCorr   .            (no gloves)
SInv    .            f - +1 pair of boots
Will    .....        d - amulet of the acrobat Stlth
                     h - +5 ring of evasion
HPRegen 0.33/turn    F - +4 ring of protection
MPRegen 0.12/turn

%: acrobat
@: slowed, very slow
A: demonic guardian 1, sharp scales 2, demonic magic 2
a: Renounce Religion


You were on level 11 of the Dungeon.
You worshipped Hepliaklqana.
Hepliaklqana was noncommittal.
You visited 2 branches of the dungeon, and saw 12 of its levels.
You also visited: Ossuary.

You collected 637 gold pieces.
You spent 195 gold pieces at shops.

Inventory:

Hand Weapons
 a - a +0 rapier
 p - a +1 dagger of draining
 G - a +0 short sword of venom
 L - a +7 war axe (weapon)
Missiles
 e - a javelin
 v - 6 boomerangs
Armour
 b - a +0 leather armour
 c - a +0 helmet (worn)
 f - a +1 pair of boots (worn)
 g - the +7 Kryia's mail coat (worn) {PotionHeal*2 rC+}
   (You acquired it on level 4 of the Dungeon)

   PotionHeal*2: Potions heal its wearer twice as much.
   rC+:       It protects you from cold.
Jewellery
 d - an amulet of the acrobat (around neck)
 h - a +5 ring of evasion (left hand)
 o - a ring of protection from fire
 y - a ring of magical power
 F - a +4 ring of protection (right hand)
 H - a +6 ring of intelligence
 O - a ring of see invisible
Wands
 n - a wand of polymorph (12)
 q - a wand of charming (16)
 N - a wand of flame (19)
Scrolls
 i - 3 scrolls of poison
 j - 2 scrolls of amnesia
 k - 3 scrolls of immolation
 m - 5 scrolls of vulnerability
 r - a scroll of teleportation
 s - 3 scrolls of revelation
 x - 2 scrolls of enchant armour
 I - a scroll of fear
 J - a scroll of enchant weapon
 K - a scroll of torment
 M - a scroll of fog
Potions
 l - a potion of resistance
 t - 2 potions of haste
 u - 3 potions of curing
 w - a potion of lignification
 z - 6 potions of might
 A - 2 potions of ambrosia
 B - a potion of heal wounds
 C - 3 potions of enlightenment
 D - 3 potions of mutation
 E - 3 potions of attraction
 Q - a potion of berserk rage
 R - a potion of magic


   Skills:
 - Level 5.0 Fighting
 - Level 8.6 Short Blades
 - Level 10.1 Axes
 - Level 1.7 Throwing
 + Level 8.3 Armour
 - Level 5.0 Dodging


You had 10 spell levels left.
You didn't know any spells.
Your spell library contained the following spells:

 Spells                   Type           Power      Damage    Failure   Level
 Volatile Blastmotes      Fire/Tloc      0%         2d10      97%         3
 Fulminant Prism          Conj/Hex       0%         3d5       100%        4
 Iskenderun's Mystic Bla  Conj/Tloc      0%         2d3       100%        4


Dungeon Overview and Level Annotations

Branches:
Dungeon (11/15)            Temple (1/1) D:7            Lair (0/5) D:9
Ossuary (visited)
    Orc: D:9-12

Altars:
Ashenzari
Cheibriados
Dithmenos
Fedhas
Gozag
Hepliaklqana
Kikubaaqudgha
Makhleb
Nemelex Xobeh
Okawaru
Qazlal
Ru
Sif Muna
Trog
Uskayaw
Vehumet
Wu Jian
Xom
Yredelemnul

Shops:
D:8 :   D:9 [   D:10 =


Innate Abilities, Weirdness & Mutations

A weak demonic guardian rushes to your aid.
You are mostly covered in razor-sharp scales. (AC +2, Slay +2)
Spells you cast may paralyse nearby enemies.


Message History

Unknown command.
Unknown command.
You barely miss the two-headed ogre.
The two-headed ogre is severely wounded.
You hit the +0 dire flail of speed. You hit the +3 quarterstaff of flaming.
Your shadow imp hits the two-headed ogre.
The two-headed ogre closely misses your shadow imp.
The two-headed ogre misses your shadow imp.
The +3 quarterstaff of flaming hits you but does no damage.
The +0 dire flail of speed hits you but does no damage.
Your shadow imp barely misses the two-headed ogre.
Unknown command.
Unknown command.
You slash the two-headed ogre!
You kill the two-headed ogre!
You hit the +0 dire flail of speed but do no damage.
You barely miss the +0 heavy broad axe.
You hit the +3 quarterstaff of flaming but do no damage.
The orc wizard casts a spell.
The orc wizard flickers and vanishes!
The +3 glaive of electrocution hits you but does no damage.
The +0 dire flail of speed hits you!
* * * LOW HITPOINT WARNING * * *
Your shadow imp misses the +0 heavy broad axe.
The +3 quarterstaff of flaming hits you but does no damage.
The +0 heavy broad axe hits you but does no damage.
The +0 heavy broad axe hits your shadow imp!
Your shadow imp dies!
Your shadow imp disappears in a puff of smoke!
The +0 dire flail of speed barely misses you.
Your Armour skill increases to level 8!
Unknown command.
The +7 Kryia's mail coat enhances the healing.
You feel better.
The +3 glaive of electrocution hits you from afar!!
* * * LOW HITPOINT WARNING * * *
The +3 quarterstaff of flaming barely misses you.
The +0 dire flail of speed hits you but does no damage.
The shadow strikes at you from the darkness!
You die...

#.# ###.# ###
..#.#... #.#.#.#
#####......
#>.)..#.#
#.##..((#
#.###.(@#
#.##.(.ยง{......
#.##....#......
###.#........#...
#...#.#'#.##.# ..
#.###.#.#.. ...
#.# #...#.## ##
#.#####.###
#.##..


You could see 4 dancing weapons.

Vanquished Creatures
  3 two-headed ogres
  Amaemon (D:10)
  An orange demon (D:10)
  A tengu conjurer (D:9)
  5 trolls
  Grinder (D:3)
  A hornet (D:9)
  2 yaks (D:9)
  22 dancing weapons
  A vampire (D:11)
  A basilisk (D:9)
  2 wyverns
  2 vampire mosquitoes (D:8)
  An acid dragon (D:10)
  2 ice beasts
  5 orc warriors
  A water moccasin (D:7)
  3 black bears
  7 centaurs
  An ogre (D:7)
  2 phantoms (D:6)
  3 kobold brigands (D:9)
  Blork the orc (D:6)
  6 bullfrogs
  8 scorpions
  6 wights
  6 killer bees
  4 howler monkeys
  2 jellies
  2 human zombies (Ossuary)
  5 orc priests
  A centaur zombie (Ossuary)
  Ijyb (D:3)
  3 hounds
  Terence (D:3)
  4 iguanas
  11 orc wizards
  3 scorpion zombies (Ossuary)
  A sleepcap (D:8)
  4 mummies
  Robin (D:3)
  7 adders
  2 shadow imps
  2 white imps
  2 worms
  3 dart slugs
  23 orcs
  5 bats
  8 endoplasms
  5 giant cockroaches
  14 goblins
  5 hobgoblins (D:3)
  12 jackals
  15 kobolds
  4 quokkas
  7 ball pythons
  5 frilled lizards
  2 gnoll zombies (Ossuary)
  3 goblin zombies (Ossuary)
  4 hobgoblin zombies
  6 orc zombies
  8 rats
280 creatures vanquished.

Vanquished Creatures (collateral kills)
  An orc (D:7)
1 creature vanquished.

Grand Total: 281 creatures vanquished

Notes
Turn   | Place    | Note
-------+----------+-------------------------------------------
     0 | D:1      | Newt the Demonspawn Gladiator began the quest for the Orb.
     0 | D:1      | Reached XP level 1. HP: 16/16 MP: 1/1
    95 | D:1      | Gained mutation: Spells you cast may paralyse adjacent
                  | enemies. [demonic ancestry]
    95 | D:1      | Reached XP level 2. HP: 17/23 MP: 2/2
   292 | D:1      | Gained mutation: You are partially covered in razor-sharp
                  | scales. (AC +1, Slay +1) [demonic ancestry]
   292 | D:1      | Reached XP level 3. HP: 27/29 MP: 3/3
  1578 | D:3      | Noticed an ice beast
  1581 | D:3      | Gained mutation: Spells you cast may paralyse nearby
                  | enemies. [demonic ancestry]
  1581 | D:3      | Reached XP level 4. HP: 38/38 MP: 4/4
  1617 | D:3      | Killed an ice beast
  1618 | D:3      | Reached skill level 5 in Fighting
  1618 | D:3      | Reached XP level 5. HP: 9/44 MP: 5/5
  2501 | D:3      | Noticed Robin
  2558 | D:3      | Noticed Grinder
  2571 | D:3      | Killed Robin
  2591 | D:3      | Paralysed by Grinder for 3 turns
  2596 | D:3      | Killed Grinder
  2597 | D:3      | Reached skill level 5 in Dodging
  2597 | D:3      | Gained mutation: You are mostly covered in razor-sharp
                  | scales. (AC +2, Slay +2) [demonic ancestry]
  2597 | D:3      | Reached XP level 6. HP: 30/51 MP: 6/6
  2908 | D:3      | Noticed Terence
  2924 | D:3      | Killed Terence
  3139 | D:3      | Noticed Ijyb
  3164 | D:3      | Killed Ijyb
  3356 | D:4      | Reached XP level 7. HP: 56/56 MP: 7/7
  3404 | D:4      | Identified a scroll of acquirement
  3405 | D:4      | Acquired the +7 Kryia's mail coat {PotionHeal*2 rC+}
  3405 | D:4      | Found the +7 Kryia's mail coat {PotionHeal*2 rC+}
  3735 | D:4      | Found a faded altar of an unknown god.
  3735 | D:4      | Found a faded altar of an unknown god.
  3743 | D:4      | Found a burning altar of Makhleb.
  3745 | D:4      | Found a stormy altar of Qazlal.
  3779 | D:4      | Prayed at the altar of an unknown god.
  3779 | D:4      | Became a worshipper of the Wu Jian Council
  3779 | D:4      | Reached * piety under Wu Jian
  4043 | D:5      | Entered Level 5 of the Dungeon
  4067 | D:5      | Found a sand-covered staircase.
  4073 | Ossuary  | Entered an ossuary
  4103 | Ossuary  | Reached skill level 5 in Short Blades
  4315 | Ossuary  | Reached ** piety under Wu Jian
  4349 | Ossuary  | Gained mutation: A weak demonic guardian rushes to your
                  | aid. [demonic ancestry]
  4349 | Ossuary  | Reached XP level 8. HP: 38/62 MP: 8/8
  5849 | D:6      | Identified the +2 hand axe "Killer Klown's Foe" {freeze,
                  | Will- Str+3 Dex+6}
  5878 | D:6      | Found a blossoming altar of Fedhas.
  5912 | D:6      | Reached skill level 1 in Armour
  6087 | D:6      | Noticed Blork the orc
  6102 | D:6      | Killed Blork the orc
  6103 | D:6      | Reached XP level 9. HP: 62/68 MP: 9/9
  6747 | D:7      | Reached skill level 1 in Axes
  6793 | D:7      | Reached skill level 2 in Axes
  6793 | D:7      | Found a staircase to the Ecumenical Temple.
  6923 | D:7      | Reached skill level 3 in Axes
  6953 | D:7      | Reached *** piety under Wu Jian
  6965 | D:7      | Found an opulent altar of Gozag.
  7007 | D:7      | Reached skill level 4 in Axes
  7593 | D:8      | Reached skill level 5 in Axes
  7740 | D:8      | Reached skill level 6 in Axes
  7802 | D:8      | Found Nasenn's Book Boutique.
  7894 | D:8      | Reached skill level 7 in Axes
  7894 | D:8      | Reached XP level 10. HP: 60/74 MP: 10/10
  8587 | D:9      | Found a staircase to the Lair.
  8615 | D:9      | Reached skill level 8 in Axes
  9022 | D:9      | Found Kalos's Armour Shoppe.
  9101 | D:9      | Reached **** piety under Wu Jian
  9172 | D:9      | Noticed a two-headed ogre
  9181 | D:9      | Killed a two-headed ogre
  9182 | D:9      | Reached skill level 9 in Axes
  9501 | D:9      | Reached skill level 10 in Axes
  9761 | Temple   | Entered the Ecumenical Temple
  9769 | Temple   | Fell from the grace of Wu Jian
  9769 | Temple   | Became a worshipper of Hepliaklqana the Forgotten
  9855 | D:10     | Entered Level 10 of the Dungeon
  9863 | D:10     | Reached skill level 5 in Armour
 10024 | D:10     | Noticed a two-headed ogre
 10027 | D:10     | Noticed Amaemon
 10028 | D:10     | Noticed an orange demon
 10040 | D:10     | Killed a two-headed ogre
 10049 | D:10     | Killed Amaemon
 10050 | D:10     | Reached XP level 11. HP: 25/79 MP: 11/11
 10851 | D:10     | Found Lamig's Jewellery Shop.
 10969 | D:10     | Bought a ring of see invisible for 195 gold pieces
 11080 | D:10     | Found a shimmering blue altar of Sif Muna.
 11445 | D:11     | HP: 3/79 [+2 glaive of electrocution[the rancor of the Wu
                  | Jian Council] (12)]
 11810 | D:11     | Identified the +9 spear "Iraj" {freeze, rC+}
 11813 | D:11     | Noticed a two-headed ogre
 11824 | D:11     | Killed a two-headed ogre
 11825 | D:11     | Slain by a shadow

Illustrated notes

Levels and vault maps discovered:
D:1:      saegor_arrival_under_anarchy, layout_loops_ring, minmay_tetromino_l4
D:2:      layout_loops_ring, chequers_avenue
D:3:      layout_basic, uniq_terence, uniq_robin, uniq_grinder, uniq_ijyb
D:4:      layout_rooms, chequers_temple_overflow_minitemple, minivault_19,
          kennysheep_generic_room_8
D:5:      layout_loops_ring, enter_ossuary_2
D:6:      layout_basic, kennysheep_little_box, serial_glass, glass_columns_a,
          glass_columns_b, kennysheep_generic_room_7, uniq_blork_the_orc
D:7:      layout_cave_pods, lemuel_doored_altar, minmay_temple_entry_glass
D:8:      layout_loops_cross, serial_shops, nicolae_shop_hallway_stairs,
          minmay_mini_ossuary
D:9:      minmay_ornate_pinched, layout_gridville, david_lair_generic,
          serial_shops, shop_fountains
D:10:     layout_cave_pools, mainiacjoe_overflow_24_doors, serial_column_ruins,
          column_ruins_grid_3, column_ruins_open_small, column_ruins_grid_3,
          column_ruins_grid_1, column_ruins_grid_1, eino_tiny_chamber,
          kennysheep_windowed_goal, uniq_amaemon
D:11:     layout_basic, david_orc_3, serial_glass, glass_columns_c,
          glass_columns_a, doesnt_xom_only_xom, uniq_snorg
Temple:   lightli_temple_of_artemis

Skill      XL: |  1  2  3  4  5  6  7  8  9 10 11 |
---------------+----------------------------------+-----
Fighting       | 3 4 5 |  5.0
Dodging        | 3 5 |  5.0
Short Blades   | 3 4 6 8 |  8.6
Armour         | 3 4 6 8 |  8.3
Axes           | 7 10 | 10.1
Throwing       | |  1.7

Action                     |  1- 3 |  4- 6 |  7- 9 | 10-12 || total
---------------------------+-------+-------+-------+-------++-------
  Melee: Rapier            |   159 |   157 |       |       ||   316
         Punch             |     1 |     5 |    12 |     4 ||    22
         Dagger            |       |    23 |   399 |       ||   422
         Short sword       |       |       |   152 |       ||   152
         War axe           |       |       |   122 |   250 ||   372
  Throw: Throwing net      |       |     5 |       |       ||     5
         Javelin           |       |     2 |       |       ||     2
Ability: Lunge             |       |       |    14 |     2 ||    16
         Whirlwind         |       |       |     2 |       ||     2
  Evoke: Wand              |       |       |     1 |       ||     1
    Use: Scroll            |     1 |     1 |    18 |     6 ||    26
         Potion            |       |     2 |     3 |     5 ||    10
   Stab: Sleeping          |     5 |       |       |       ||     5
         Held in net/web   |       |     3 |       |       ||     3
         Distracted        |       |       |     1 |     1 ||     2
 Armour: Leather armour    |    84 |    93 |     4 |       ||   181
         Scale mail        |       |       |   380 |   286 ||   666
  Dodge: Dodged            |   115 |    77 |   403 |   275 ||   870

Table legend: (Time is in decaauts)
 A = Elapsed time spent in this place.
 B = Non-inter-level travel time spent in this place.
 C = Inter-level travel time spent in this place.
 D = Time resting spent in this place.
 E = Time spent auto-exploring this place.
 F = Levels seen in this place.
 G = Mean time per level.
                   A        B        C        D        E       F      G
               +--------+--------+--------+--------+--------+-----+--------+
         Total |  11716 |  11321 |    395 |   2789 |   6465 |  13 |  901.2 |
       Dungeon |  11027 |  10641 |    386 |   2637 |   6208 |  11 | 1002.5 |
        Temple |     16 |      8 |      8 |      0 |      0 |   1 |   16.0 |
       Ossuary |    671 |    671 |      0 |    152 |    257 |   1 |  671.0 |
               +--------+--------+--------+--------+--------+-----+--------+

Top non-repeatable levels by time:
     D:3: 1812 daAuts
     D:9: 1565 daAuts
    D:10: 1140 daAuts
     D:6: 945 daAuts
     D:7: 937 daAuts
     D:8: 910 daAuts
     D:1: 906 daAuts
     D:5: 892 daAuts
     D:4: 678 daAuts
 Ossuary: 671 daAuts
     D:2: 645 daAuts
    D:11: 591 daAuts
  Temple: 16 daAuts
